 Dungeon Crawl Stone Soup version 0.30.0-5-g1a98f26d00 (webtiles) character file.

Game seed: 7682621123189335537

53831 zazu2006 the Prestidigitator (level 14, -9/109 HPs)
             Began as a Gnoll Wanderer on May 12, 2023.
             Was a High Priest of Vehumet.
             Engulfed by a cloud of freezing vapour (23 damage)
             ... in an ice cave.
             The game lasted 01:22:21 (26167 turns).

zazu2006 the Prestidigitator (Gnoll Wanderer)      Turns: 26167, Time: 01:22:21

Health: -9/109     AC: 12    Str: 13    XL:     14   Next: 70%
Magic:  28/28      EV: 21    Int: 14    God:    Vehumet [*****.]
Gold:   1307       SH: 11    Dex: 13    Spells: 15/33 levels left

rFire   . . .        A - +7 hand axe of an ossuary {drain, rPois Will++ Stlth+}
rCold   . . .        e - +0 buckler {AC+3}
rNeg    . . .        k - +0 robe {Will+}
rPois   +            q - +0 helmet
rElec   .            O - +0 cloak
rCorr   .            (no gloves)
SInv    .            Y - +2 pair of boots
Will    ++++.        T - amulet of reflection
Stlth   +++++        l - ring of flight
HPRegen 0.38/turn    p - +5 ring of evasion
MPRegen 0.21/turn

%: reflection
@: flying
A: fangs 1, strong nose, distributed training
a: Renounce Religion


You were in an ice cave.
You worshipped Vehumet.
Vehumet was extremely pleased with you.
You visited 3 branches of the dungeon, and saw 20 of its levels.
You also visited: Bailey, Ice Cave and Volcano.

You collected 1343 gold pieces.
You spent 36 gold pieces at shops.

Inventory:

Hand Weapons
 A - the +7 hand axe of an ossuary (weapon) {drain, rPois Will++ Stlth+}
   (You took it off an orc priest on level 9 of the Dungeon)

   rPois:     It protects you from poison.
   Will:      It greatly increases your willpower.
   Stlth:     It makes you more stealthy.
 Q - a +2 scimitar of flaming
 W - a +4 falchion of freezing
Armour
 e - a +0 buckler of protection (worn)
 k - a +0 robe of willpower (worn)
 q - a +0 helmet (worn)
 t - the +1 buckler "Qykax" {Rampage rCorr Str+4 Stlth-}
   (You took it off an orc in a bailey)

   Str:       It affects your strength (+4).
   rCorr:     It protects you from acid and corrosion.
   Rampage:   It bestows one free step when moving towards enemies.
   Stlth:     It makes you less stealthy.
 x - a +2 leather armour of fire resistance
 F - +0 acid dragon scales
 O - a +0 cloak (worn)
 Y - a +2 pair of boots (worn)
Jewellery
 c - a ring of protection from fire
 g - a ring of see invisible
 l - a ring of flight (left hand)
 p - a +5 ring of evasion (right hand)
 C - a ring of ice
 R - a ring of wizardry
 T - an amulet of reflection (around neck)
 U - a ring of protection from cold
Wands
 b - a wand of polymorph (36)
 f - a wand of iceblast (11)
 H - a wand of flame (11)
 I - a wand of charming (14)
 J - a wand of acid (6)
 N - a wand of mindburst (6)
Scrolls
 d - a scroll of blinking
 h - 3 scrolls of enchant armour
 j - 2 scrolls of fog
 o - 5 scrolls of poison
 y - 4 scrolls of teleportation
 D - 2 scrolls of fear
 G - a scroll of noise
 S - 5 scrolls of amnesia {unknown}
 Z - a scroll of immolation
Potions
 a - a potion of heal wounds
 i - a potion of mutation
 m - 4 potions of haste
 n - 2 potions of magic {unknown}
 r - a potion of cancellation
 s - 2 potions of resistance
 u - 5 potions of flight
 v - a potion of berserk rage {unknown}
 w - a potion of experience
 z - 6 potions of lignification
 B - 3 potions of attraction {unknown}
 E - 4 potions of curing
 K - a potion of ambrosia {unknown}
 L - 8 potions of brilliance {unknown}
 M - 2 potions of might


   Skills:
 + Level 9.8 Fighting
 + Level 9.8 Short Blades
 + Level 9.8 Long Blades
 + Level 9.8 Axes
 + Level 9.8 Maces & Flails
 + Level 9.8 Polearms
 + Level 9.8 Staves
 + Level 9.8 Ranged Weapons
 + Level 9.8 Throwing
 + Level 10.1 Armour
 + Level 9.8 Dodging
 + Level 9.8 Stealth
 + Level 10.8 Shields
 + Level 9.8 Unarmed Combat
 + Level 10.2 Spellcasting
 + Level 8.2 Conjurations
 + Level 8.2 Hexes
 + Level 8.2 Summonings
 + Level 8.2 Necromancy
 + Level 8.2 Translocations
 + Level 8.2 Transmutations
 + Level 8.2 Fire Magic
 + Level 8.2 Ice Magic
 + Level 8.5 Air Magic
 + Level 8.2 Earth Magic
 + Level 8.2 Poison Magic
 + Level 11.0 Invocations
 + Level 12.8 Evocations


You had 15 spell levels left.
You knew the following spells:

 Your Spells              Type           Power      Damage    Failure   Level
a - Stone Arrow           Conj/Erth      60%        3d10      1%          3
b - Dazzling Flash        Conj/Hex       60%        N/A       1%          3
c - Poisonous Vapours     Pois/Air       60%        N/A       1%          2
d - Shock                 Conj/Air       100%       1d9       1%          1
e - Lee's Rapid Deconstr  Erth           15%        3d10*     3%          5
f - Olgreb's Toxic Radia  Pois           30%        N/A       1%          4

Your spell library contained the following spells:

 Spells                   Type           Power      Damage    Failure   Level
 Arcjolt                  Conj/Air       15%        1d25      3%          5
 Sandblast                Erth           60%        2d14      1%          1
 Sting                    Tmut/Pois      100%       1d8       1%          1
 Blink                    Tloc           60%        N/A       1%          2
 Passwall                 Tmut/Erth      25%        N/A       1%          2
 Scorch                   Fire           60%        2d8       1%          2
 Static Discharge         Conj/Air       60%        2-5/arc   1%          2
 Sublimation of Blood     Necr           30%        N/A       1%          2
 Wereblood                Tmut           30%        N/A       1%          2
 Frozen Ramparts          Ice            60%        1d10      1%          3
 Hailstorm                Conj/Ice       30%        3d8       1%          3
 Inner Flame              Hex/Fire       30%        N/A       1%          3
 Vhi's Electric Charge    Tloc/Air       60%        N/A       1%          3
 Volatile Blastmotes      Fire/Tloc      60%        2d15      1%          3
 Airstrike                Air            15%        2d(3-19)  1%          4
 Flame Wave               Conj/Fire      30%        2d9       1%          4
 Iskenderun's Mystic Bla  Conj/Tloc      30%        2d8       1%          4
 Sticky Flame             Conj/Fire      30%        2d5       1%          4
 Ice Form                 Ice/Tmut       30%        N/A       4%          4
 Manifold Assault         Tloc           30%        N/A       4%          4
 Summon Lightning Spire   Summ/Air       30%        N/A       4%          4
 Starburst                Conj/Fire      15%        6d6       17%         6
 Summon Cactus Giant      Summ           15%        N/A       54%         6
 Storm Form               Tmut/Air       15%        N/A       98%         7
 Summon Hydra             Summ           15%        N/A       98%         7


Dungeon Overview and Level Annotations

Branches:
Dungeon (14/15)            Temple (1/1) D:6            Lair (5/5) D:10
 Shoals (0/4) Lair:2       Spider (0/4) Lair:2        Slime (0/5) Lair:4
    Orc (0/2) D:12         Bailey (visited)           IceCv (1/1)
Volcano (visited)
 Vaults: D:13-14

Altars:
Ashenzari
Cheibriados
Dithmenos
Elyvilon
Fedhas
Gozag
Hepliaklqana
Kikubaaqudgha
Makhleb
Nemelex Xobeh
Okawaru
Qazlal
Ru
Sif Muna
Trog
Uskayaw
Vehumet
Wu Jian
Xom
Yredelemnul
Zin
The Shining One
Jiyva

Shops:
D:4 !   D:6 (

Annotations:
Lair:1 2 transporters
Lair:3 3 runed translucent doors, Taurus's ghost, journeyman MiFi


Innate Abilities, Weirdness & Mutations

You have very sharp teeth.
Your uncanny sense of smell can sniff out nearby items.
Your experience applies equally to all skills.


Message History

Your bite misses the spriggan simulacrum.
The spriggan simulacrum is heavily damaged.
You hit the spriggan simulacrum.
The spriggan simulacrum is severely damaged.
You block the spriggan simulacrum's attack.
You barely miss the spriggan simulacrum.
The spriggan simulacrum is severely damaged.
You block the spriggan simulacrum's attack.
You closely miss the spriggan simulacrum.
The spriggan simulacrum is severely damaged.
You slash the spriggan simulacrum!
The spriggan simulacrum vaporises!
Vehumet accepts your kill.
You start resting.
A troll simulacrum is nearby!
You slash the troll simulacrum! You bite the troll simulacrum.
The troll simulacrum is moderately damaged.
You block the troll simulacrum's attack.
The troll simulacrum claws you.
* * * LOW HITPOINT WARNING * * *
The troll simulacrum freezes you!!
* * * LOW HITPOINT WARNING * * *
You block the troll simulacrum's attack.
Blink to where?
Press: ? - help, Dir - move target
As you read the scroll of blinking, it crumbles to dust.
Casting: Olgreb's Toxic Radiance (mildly dangerous; 1% risk of failure)
Confirm with . or Enter, or press ? or * to list all spells.
Aiming: Stone Arrow (safe; 1% risk of failure)
Press: ? - help, Shift-Dir - straight line, f - troll simulacrum
Aim: a troll simulacrum (moderately damaged, 91% to hit)
The stone arrow hits the troll simulacrum!!
The troll simulacrum vaporises!
Vehumet accepts your kill.
You feel your power returning.
You start resting.
Magic restored.
You start resting.
You are engulfed in freezing vapours.
You die...

####
#..#####
#.∩....#Z##
##..∩Z....#
#.##........
#..####Z###.
#§☼§# #
#§☼@# #§§##
##.# .#. ##
.# ##


There were no monsters in sight!

Vanquished Creatures
  2 hydras (Lair:3)
  Erica (D:8)
  3 centaur warriors
  3 two-headed ogres
  A tengu warrior (D:13)
  Urug (Lair:2)
  A hell knight (Volcano)
  Amaemon (D:8)
  A salamander mystic (Volcano)
  A skyshark (Lair:3)
  An orb spider (Lair:2)
  Pikel (D:9)
  An orc knight (Bailey)
  An orc sorcerer (Bailey)
  2 ugly things
  3 cyclopes (D:11)
  An oklob plant (Lair:3)
  3 salamanders (Volcano)
  7 elephants (Lair:5)
  Joseph (D:8)
  5 black mambas
  An orange demon (D:8)
  2 molten gargoyles (Volcano)
  A gargoyle (D:13)
  Psyche (D:9)
  A kobold demonologist (Bailey)
  6 komodo dragons
  10 cane toads
  6 rime drakes
  4 polar bears
  5 trolls
  A hornet (D:10)
  Prince Ribbit (D:5)
  12 blink frogs
  4 slime creatures (D:12)
  3 wraiths
  4 shadows
  Sigmund (D:5)
  Eustachio (D:6)
  2 fire bats (Volcano)
  14 wyverns
  50 yaks
  7 basilisks
  4 steam dragons
  3 vampire mosquitoes (D:10)
  A warg (Lair:5)
  5 acid dragons
  Edmund (D:5)
  10 water moccasins
  An ice beast (D:5)
  14 orc warriors
  2 black bears
  A sky beast (D:7)
  14 wolves
  8 ogres
  5 centaurs
  3 phantoms
  13 bullfrogs
  5 kobold brigands
  A gnoll sergeant (D:9)
  2 scorpions
  8 wights
  A jelly (D:6)
  4 killer bees
  5 howler monkeys
  9 electric eels
  7 lava snakes (Volcano)
  8 orc priests
  2 hounds
  Crazy Yiuf (D:5)
  3 iguanas
  Ijyb (D:3)
  10 orc wizards
  2 sleepcaps
  A troll simulacrum (IceCv)
  12 hell rats
  A spriggan simulacrum (IceCv)
  6 ogre zombies (D:12)
  Robin (D:3)
  10 gnolls
  9 adders
  9 river rats (D:5)
  4 shadow imps
  3 white imps
  An ufetubus (D:4)
  A worm (D:5)
  2 dart slugs (D:2)
  35 orcs
  5 ball pythons
  6 endoplasms
  5 giant cockroaches
  22 goblins
  7 hobgoblins
  7 jackals
  33 kobolds
  10 quokkas
  2 training dummies (D:6)
  8 bats
  2 frilled lizards
  2 goblin skeletons (D:12)
  2 hobgoblin skeletons (D:12)
  3 hobgoblin zombies (D:12)
  An orc skeleton (D:12)
  11 orc zombies (D:12)
  23 rats
576 creatures vanquished.

Vanquished Creatures (collateral kills)
  2 yaks (D:9)
  A killer bee (D:8)
3 creatures vanquished.

Vanquished Creatures (others)
  A salamander (Volcano)
  A hornet (D:9)
  A human (D:14)
  A centaur (D:14)
  An orc wizard (D:6)
  2 white imps (Lair:5)
  An orc (D:9)
8 creatures vanquished.

Grand Total: 587 creatures vanquished

Notes
Turn   | Place    | Note
-------+----------+-------------------------------------------
     0 | D:1      | zazu2006 the Gnoll Wanderer began the quest for the Orb.
     0 | D:1      | zazu2006 set off with the following items: a +0 club, a
                  | wand of polymorph (4), a scroll of butterflies, a +0 robe,
                  | a +0 buckler of protection; and the following spell
                  | memorised: Shock; and the following spells available to
                  | memorise: Vhi's Electric Charge.
     0 | D:1      | Reached XP level 1. HP: 13/13 MP: 4/4
   271 | D:1      | Reached XP level 2. HP: 19/19 MP: 3/5
  1112 | D:1      | Reached XP level 3. HP: 25/25 MP: 1/7
  1356 | D:2      | Reached skill level 1 in Fighting
  1356 | D:2      | Reached skill level 1 in Short Blades
  1356 | D:2      | Reached skill level 1 in Long Blades
  1356 | D:2      | Reached skill level 1 in Axes
  1356 | D:2      | Reached skill level 1 in Maces & Flails
  1356 | D:2      | Reached skill level 1 in Polearms
  1356 | D:2      | Reached skill level 1 in Staves
  1356 | D:2      | Reached skill level 1 in Ranged Weapons
  1356 | D:2      | Reached skill level 1 in Throwing
  1356 | D:2      | Reached skill level 1 in Dodging
  1356 | D:2      | Reached skill level 1 in Stealth
  1356 | D:2      | Reached skill level 1 in Unarmed Combat
  1703 | D:2      | Reached XP level 4. HP: 32/32 MP: 1/8
  2205 | D:2      | Found a faded altar of an unknown god.
  2600 | D:3      | Noticed Ijyb
  2667 | D:3      | Noticed Robin
  2720 | D:3      | Reached skill level 1 in Conjurations
  2720 | D:3      | Reached skill level 1 in Hexes
  2720 | D:3      | Reached skill level 1 in Summonings
  2720 | D:3      | Reached skill level 1 in Necromancy
  2720 | D:3      | Reached skill level 1 in Translocations
  2720 | D:3      | Reached skill level 1 in Transmutations
  2720 | D:3      | Reached skill level 1 in Fire Magic
  2720 | D:3      | Reached skill level 1 in Ice Magic
  2720 | D:3      | Reached skill level 1 in Earth Magic
  2720 | D:3      | Reached skill level 1 in Poison Magic
  2931 | D:3      | Killed Robin
  2932 | D:3      | Reached XP level 5. HP: 29/37 MP: 1/9
  4046 | D:3      | Killed Ijyb
  4047 | D:3      | Reached XP level 6. HP: 38/44 MP: 3/11
  4180 | D:3      | Reached skill level 5 in Shields
  4241 | D:4      | Found Kiehah's Distillery.
  4244 | D:4      | Bought a potion of lignification for 36 gold pieces
  4741 | D:4      | Reached XP level 7. HP: 50/50 MP: 4/12
  5346 | D:5      | Entered Level 5 of the Dungeon
  5744 | D:5      | Reached skill level 9 in Evocations
  6196 | D:5      | Noticed Edmund
  6220 | D:5      | Killed Edmund
  6221 | D:5      | Reached XP level 8. HP: 45/58 MP: 6/14
  6332 | D:5      | Noticed Prince Ribbit
  6385 | D:5      | Killed Prince Ribbit
  7010 | D:5      | Found a runed translucent door.
  7011 | D:5      | Noticed Crazy Yiuf
  7217 | D:5      | Noticed Sigmund
  7226 | D:5      | Killed Sigmund
  7473 | D:6      | Found Byluli Diah's Firing Range.
  7713 | D:6      | Reached skill level 5 in Invocations
  7878 | D:6      | Found a staircase to the Ecumenical Temple.
  7942 | Temple   | Entered the Ecumenical Temple
  8104 | Temple   | Became a worshipper of Vehumet
  8168 | D:6      | Reached XP level 9. HP: 61/65 MP: 14/16
  8184 | D:6      | Found a hazy altar of Hepliaklqana.
  8246 | D:6      | Reached skill level 5 in Spellcasting
  8501 | D:6      | Reached skill level 5 in Armour
  8566 | D:6      | Noticed Eustachio
  8590 | D:6      | Killed Eustachio
  8827 | D:6      | Found a basalt altar of Yredelemnul.
  9813 | D:7      | Reached * piety under Vehumet
  9813 | D:7      | Offered knowledge of Freeze by Vehumet.
  9818 | D:7      | Learned a level 3 spell: Dazzling Flash
 10141 | D:7      | Reached skill level 5 in Fighting
 10141 | D:7      | Reached skill level 5 in Short Blades
 10141 | D:7      | Reached skill level 5 in Long Blades
 10141 | D:7      | Reached skill level 5 in Axes
 10141 | D:7      | Reached skill level 5 in Maces & Flails
 10141 | D:7      | Reached skill level 5 in Polearms
 10141 | D:7      | Reached skill level 5 in Staves
 10141 | D:7      | Reached skill level 5 in Ranged Weapons
 10141 | D:7      | Reached skill level 5 in Throwing
 10141 | D:7      | Reached skill level 5 in Dodging
 10141 | D:7      | Reached skill level 5 in Stealth
 10141 | D:7      | Reached skill level 5 in Unarmed Combat
 10141 | D:7      | Reached XP level 10. HP: 73/74 MP: 14/18
 10176 | D:7      | Reached skill level 10 in Evocations
 10761 | D:5      | Killed Crazy Yiuf
 10900 | D:8      | Noticed Joseph
 11372 | D:8      | Noticed Amaemon
 11372 | D:8      | Noticed an orange demon
 11395 | D:8      | Killed an orange demon
 11396 | D:8      | Reached skill level 5 in Air Magic
 11397 | D:8      | Killed Amaemon
 11453 | D:8      | Offered knowledge of Poisonous Vapours by Vehumet.
 11786 | D:8      | Killed Joseph
 11908 | D:8      | Noticed Erica
 11933 | D:8      | Killed Erica
 12151 | D:9      | Noticed Psyche
 12196 | D:8      | Reached ** piety under Vehumet
 12223 | D:9      | Found a flagged portal.
 12306 | D:9      | Reached skill level 5 in Conjurations
 12306 | D:9      | Reached skill level 5 in Hexes
 12306 | D:9      | Reached skill level 5 in Summonings
 12306 | D:9      | Reached skill level 5 in Necromancy
 12306 | D:9      | Reached skill level 5 in Translocations
 12306 | D:9      | Reached skill level 5 in Transmutations
 12306 | D:9      | Reached skill level 5 in Fire Magic
 12306 | D:9      | Reached skill level 5 in Ice Magic
 12306 | D:9      | Reached skill level 5 in Earth Magic
 12306 | D:9      | Reached skill level 5 in Poison Magic
 12313 | D:9      | Reached XP level 11. HP: 39/81 MP: 14/21
 12353 | D:9      | Found a shimmering altar of Xom.
 12378 | D:9      | Noticed Pikel
 12481 | D:9      | Killed Pikel
 12504 | D:9      | Killed Psyche
 12524 | Bailey   | Entered a bailey
 12892 | Bailey   | Learned a level 2 spell: Poisonous Vapours
 13026 | Bailey   | Offered knowledge of Hailstorm by Vehumet.
 13109 | Bailey   | Reached *** piety under Vehumet
 13369 | Bailey   | Noticed an orc knight
 13419 | Bailey   | Killed an orc knight
 13683 | Bailey   | Identified the +1 buckler "Qykax" {Rampage rCorr Str+4
                  | Stlth-}
 14026 | Bailey   | Found an iron altar of Okawaru.
 14028 | Bailey   | Noticed an orc sorcerer
 14126 | Bailey   | Killed an orc sorcerer
 14136 | Bailey   | Offered knowledge of Ignite Poison by Vehumet.
 14238 | Bailey   | Noticed a soul eater
 14680 | D:9      | Found an ancient bone altar of Kikubaaqudgha.
 15264 | D:9      | Identified the +7 hand axe of an ossuary {drain, rPois
                  | Will++ Stlth+}
 15661 | D:10     | Entered Level 10 of the Dungeon
 15664 | D:10     | Found a staircase to the Lair.
 15914 | D:10     | Reached skill level 11 in Evocations
 15921 | D:10     | Identified the +0 leather armour of Cukhe {rElec rPois
                  | Str-5 Stlth+}
 15967 | D:10     | Reached **** piety under Vehumet
 16050 | D:10     | Learned a level 3 spell: Stone Arrow
 16063 | D:10     | Offered knowledge of Fulminant Prism by Vehumet.
 16212 | D:10     | Noticed a two-headed ogre
 16219 | D:10     | Killed a two-headed ogre
 16311 | D:10     | Reached XP level 12. HP: 62/91 MP: 18/23
 16769 | D:10     | Found a sparkling altar of Nemelex Xobeh.
 17623 | D:11     | Got Nipeh's Secrets of Kindling and Algor
 17631 | D:11     | You are sucked into a shaft and drop 3 floors!
 17635 | D:13     | Noticed a boulder beetle
 17673 | D:14     | Noticed a centaur warrior
 17682 | D:14     | Noticed a centaur warrior
 17718 | D:14     | Killed a centaur warrior
 17733 | D:14     | Found a hazy altar of Hepliaklqana.
 18027 | D:13     | Noticed a tengu warrior
 18030 | D:13     | Noticed a centaur warrior
 18063 | D:13     | Killed a centaur warrior
 18110 | D:13     | Killed a tengu warrior
 18268 | D:13     | Noticed a catoblepas
 18376 | D:13     | Noticed a centaur warrior
 18389 | D:13     | Killed a centaur warrior
 18545 | D:13     | Noticed a centaur warrior
 18848 | D:12     | Found a staircase to the Orcish Mines.
 18948 | D:12     | Reached ***** piety under Vehumet
 18983 | D:12     | Noticed a two-headed ogre
 18991 | D:12     | Killed a two-headed ogre
 18991 | D:12     | Offered knowledge of Lee's Rapid Deconstruction by Vehumet.
 18998 | D:12     | Learned a level 5 spell: Lee's Rapid Deconstruction
 19045 | D:12     | Found a bloodstained altar of Trog.
 19699 | D:12     | Identified the +0 chain mail "Neamecw" {Fly Str+5 Dex+2
                  | Slay-4}
 19731 | D:12     | Reached XP level 13. HP: 98/98 MP: 25/25
 20505 | Lair:1   | Entered Level 1 of the Lair of Beasts
 20546 | Lair:1   | Found a transporter.
 20567 | Lair:1   | Found a transporter.
 20666 | Lair:1   | Found a dark tunnel.
 20683 | Lair:1   | Learned a level 4 spell: Olgreb's Toxic Radiance
 20685 | Volcano  | Entered a volcano
 21084 | Volcano  | Found a burning altar of Makhleb.
 21276 | Volcano  | Reached skill level 12 in Evocations
 22480 | Lair:2   | Noticed Urug
 22587 | Lair:2   | Reached skill level 10 in Invocations
 22590 | Lair:2   | Reached skill level 10 in Shields
 22644 | Lair:2   | Found a hole to the Spider Nest.
 22806 | Lair:2   | Found a staircase to the Shoals.
 22949 | Lair:2   | Killed Urug
 23605 | Lair:3   | Found an iron altar of Okawaru.
 23735 | Lair:3   | Reached XP level 14. HP: 106/108 MP: 23/27
 23765 | Lair:3   | Identified the +3 ring mail of Supsow {*Slow rElec rF-
                  | Will+++}
 24416 | Lair:3   | Found a runed translucent gate.
 24416 | Lair:3   | Found a runed translucent gate.
 24416 | Lair:3   | Found a runed translucent gate.
 24420 | Lair:3   | Noticed Taurus's ghost (journeyman MiFi)
 24449 | Lair:3   | Found a viscous altar of Jiyva.
 24978 | Lair:4   | Offered knowledge of Arcjolt by Vehumet.
 24988 | Lair:4   | Reached skill level 10 in Spellcasting
 25068 | Lair:4   | Reached skill level 10 in Armour
 25384 | Lair:4   | Found a staircase to the Slime Pits.
 25384 | Lair:4   | Found a viscous altar of Jiyva.
 26001 | Lair:5   | Entered Level 5 of the Lair of Beasts
 26137 | Lair:5   | Found a frozen archway.
 26146 | IceCv    | Entered an ice cave
 26167 | IceCv    | Engulfed by a cloud of freezing vapour

Illustrated notes

Levels and vault maps discovered:
D:1:      minmay_arrival_widening_spiral_wide, layout_basic, amethyst_killhole
D:2:      layout_rooms, dreamdust_ecumenical_altar_hidden_monk_grotto,
          serial_bayou_lake_a
D:3:      layout_basic, nicolae_goblin_pals
D:4:      layout_gridville, serial_shops, nicolae_shop_behind_doors
D:5:      lemuel_ratsnest, layout_loops_ring, st_stairs_3, grunt_ministairs_3,
          uniq_prince_ribbit1, uniq_crazy_yiuf_cottage, uniq_sigmund,
          uniq_edmund
D:6:      layout_basic, mainiacjoe_overflow_six_doors_small, marbit_many_paths,
          minmay_temple_entry_butterflies, supply_closet_lemuel,
          nicolae_shop_firing_range, uniq_eustachio
D:7:      layout_loops_ring, corner_web_ring, st_stairs_11
D:8:      layout_rooms, kennysheep_generic_room_15, uniq_amaemon, uniq_erica,
          uniq_joseph
D:9:      layout_irregular_city, xom_teletrap_fun,
          lemuel_coloured_pillars_altar, enter_bailey_5,
          statue_in_the_mist_lemuel, uniq_psyche, uniq_pikel
D:10:     layout_irregular_city, nemelex_spade_bored_becter, david_lair_shrubbed
D:11:     layout_rooms
D:12:     layout_layer_cave, zombieorc1_lemuel, trog_ov_bears_minmay
D:13:     kennysheep_windowed_halls, layout_cave_pools, uniq_maurice
D:14:     layout_stronghold, ximxim_vaults_locker_room,
          nicolae_hepliaklqana_hazy_memory, serial_column_ruins,
          column_ruins_open_small, column_ruins_grid_3,
          column_ruins_open_small_water, column_ruins_open_large,
          column_ruins_grid_4
Temple:   nicolae_temple_bog_church
Lair:1:   gammafunk_worm_tunnel, layout_hall_layers,
          nicolae_volcano_entry_hallway, grunt_megastairs_4
Lair:2:   layout_chaotic_city, elwin_shoals_entry_rooms,
          nicolae_spider_entry_orb_guardian, infiniplex_staircase_pool_2,
          uniq_urug
Lair:3:   layout_roguey [special_room_mythical_zoo], gammafunk_ghost_ooze,
          lemuel_oklob_altar, grunt_megastairs_1
Lair:4:   layout_hall_layers, slime_entry_1, grunt_megastairs_3,
          infiniplex_staircase_pool
Lair:5:   hangedman_lair_caniforms_friends, layout_regular_city, wormcave,
          portal_ice_cave_entry_imps, minmay_lair_oklob_bushes,
          bobbens_dragon_lair_wall, serial_bayou_shore_b, uniq_josephine
IceCv:    ice_cave_caverns_02

Skill      XL: |  1  2  3  4  5  6  7  8  9 10 11 12 13 14 |
---------------+-------------------------------------------+-----
Air Magic      | 2 3 4 5 6 7 8 |  8.5
Fighting       | 1 2 3 5 6 7 8 9 |  9.8
Short Blades   | 1 2 3 5 6 7 8 9 |  9.8
Long Blades    | 1 2 3 5 6 7 8 9 |  9.8
Axes           | 1 2 3 5 6 7 8 9 |  9.8
Maces & Flails | 1 2 3 5 6 7 8 9 |  9.8
Polearms       | 1 2 3 5 6 7 8 9 |  9.8
Staves         | 1 2 3 5 6 7 8 9 |  9.8
Ranged Weapons | 1 2 3 5 6 7 8 9 |  9.8
Throwing       | 1 2 3 5 6 7 8 9 |  9.8
Dodging        | 1 2 3 5 6 7 8 9 |  9.8
Stealth        | 1 2 3 5 6 7 8 9 |  9.8
Unarmed Combat | 1 2 3 5 6 7 8 9 |  9.8
Spellcasting   | 3 4 5 6 7 8 9 10 | 10.2
Conjurations   | 1 2 3 4 5 6 7 8 |  8.2
Hexes          | 1 2 3 4 5 6 7 8 |  8.2
Summonings     | 1 2 3 4 5 6 7 8 |  8.2
Necromancy     | 1 2 3 4 5 6 7 8 |  8.2
Translocations | 1 2 3 4 5 6 7 8 |  8.2
Transmutations | 1 2 3 4 5 6 7 8 |  8.2
Fire Magic     | 1 2 3 4 5 6 7 8 |  8.2
Ice Magic      | 1 2 3 4 5 6 7 8 |  8.2
Earth Magic    | 1 2 3 4 5 6 7 8 |  8.2
Poison Magic   | 1 2 3 4 5 6 7 8 |  8.2
Invocations    | 3 4 5 6 7 8 9 10 11 | 11.0
Armour         | 3 4 5 6 7 8 9 10 | 10.1
Shields        | 5 6 7 8 9 10 | 10.8
Evocations     | 9 10 11 12 | 12.8

Action                     |  1- 3 |  4- 6 |  7- 9 | 10-12 | 13-15 || total
---------------------------+-------+-------+-------+-------+-------++-------
  Melee: Club              |    55 |    40 |       |       |       ||    95
         Bite              |     5 |    11 |    32 |    95 |    83 ||   226
         Scimitar          |       |    80 |   280 |   329 |       ||   689
         Hand axe          |       |       |       |   406 |   489 ||   895
         Unarmed           |       |       |       |    36 |       ||    36
   Cast: Shock             |    85 |   140 |   269 |    91 |       ||   585
         Dazzling Flash    |       |       |       |    50 |    14 ||    64
         Poisonous Vapours |       |       |       |   100 |     1 ||   101
         Stone Arrow       |       |       |       |    43 |    68 ||   111
         Olgreb's Toxic Ra |       |       |       |       |    39 ||    39
  Evoke: Wand              |       |       |     1 |    27 |     7 ||    35
    Use: Potion            |     2 |       |       |     5 |     3 ||    10
         Scroll            |     1 |       |       |    18 |     8 ||    27
   Stab: Sleeping          |       |       |       |    25 |    11 ||    36
         Invisible         |       |       |       |    16 |    15 ||    31
 Armour: Robe              |    33 |    76 |    83 |   161 |    88 ||   441
         Skin              |       |       |       |     7 |       ||     7
  Dodge: Dodged            |    63 |   126 |   266 |   707 |   424 ||  1586
  Block: Buckler           |    10 |    36 |    93 |   348 |   326 ||   813
         Reflection        |       |       |       |    15 |     4 ||    19
